AoeStats
← impossible

Arabia

510945574Analyzed
4v4 RM · 17h ago on Oct 3, 2026· 49m 3s· 8 players
Game mode
Random Map
Map size
Large (8 player)
Population
200
Speed
Normal
Resources
Standard
Victory
Conquest
Starting age
Dark Age
Ending age
Imperial Age
RankedLock teamsTeams togetherTeam positionsShared explorationLock speedFull tech treeHidden civsTurbo modeCheats
Victory
Defeat
🇨🇳 Magyars · China
1212
+15
🇨🇳 Koreans · China
1206
+16
🇷🇺 Vietnamese · Russia
1202
+16
🇲🇳 Franks · Mongolia
1192
+16
🇨🇳 Chinese · China
1233
-18
🇿🇦 Huns · South Africa
1205
-16
🇧🇷 Sicilians · Brazil
1176
-15
🇨🇳 Mongols · China
1167
-14
脱缰野马
1:21 Loom
11:00 Feudal Age
18:55 Wheelbarrow
19:15 Double-Bit Axe
21:34 Castle Age
20:06 Scale Mail Armor
21:57 Forging
21:39 Pikeman
24:08 Bow Saw
25:08 Fletching
32:49 Horse Collar
34:11 Bodkin Arrow
34:19 Heavy Plow
40:46 Imperial Age
38:27 Squires
40:19 Gold Mining
41:05 Thumb Ring
41:38 Bracer
43:09 Chemistry
44:28 Gold Shaft Mining
44:49 Conscription
45:53 Two-Man Saw
45:06 Elite War Wagon
46:45 Ballistics
49:50 Hand Cart
49:21 Town Watch
impossible
8:23 Loom
10:25 Feudal Age
XYHHY
1:37 Loom
10:02 Feudal Age
12:02 Double-Bit Axe
14:00 Scale Barding Armor
14:36 Forging
18:34 Gold Mining
22:56 Castle Age
24:00 Chain Barding Armor
24:47 Husbandry
28:29 Scale Mail Armor
29:05 Iron Casting
30:27 Iron Casting
33:39 Wheelbarrow
33:20 Bow Saw
36:43 Imperial Age
34:54 Gold Shaft Mining
35:48 Hand Cart
35:48 Stone Mining
37:01 Cavalier
38:40 Plate Barding Armor
40:06 Blast Furnace
40:04 Paladin
46:33 Conscription
_OMO_
6:48 Loom
9:02 Feudal Age
9:44 Double-Bit Axe
16:15 Scale Barding Armor
17:57 Bloodlines
24:35 Wheelbarrow
28:10 Castle Age
27:56 Gold Mining
29:18 Chain Barding Armor
29:09 Bow Saw
28:49 Light Cavalry
42:08 Hand Cart
43:29 Horse Collar
49:17 Husbandry
rNy-
10:51 Feudal Age
10:29 Loom
11:50 Double-Bit Axe
11:57 Horse Collar
12:31 Bloodlines
18:19 Scale Barding Armor
26:45 Castle Age
26:22 Loom
28:27 Heavy Plow
28:39 Bow Saw
28:52 Husbandry
29:54 Wheelbarrow
30:11 Forging
30:53 Gold Mining
32:56 Gold Shaft Mining
34:14 Hand Cart
35:51 Iron Casting
35:37 Light Cavalry
40:47 Chain Barding Armor
51:32 Imperial Age
巨大的问号
0:37 Loom
8:57 Feudal Age
14:05 Fletching
14:31 Double-Bit Axe
16:21 Gold Mining
18:04 Padded Archer Armor
28:30 Castle Age
29:10 Bodkin Arrow
28:44 Crossbowman
29:30 Thumb Ring
29:44 Bow Saw
30:11 Gold Shaft Mining
29:58 Bodkin Arrow
36:48 Wheelbarrow
40:23 Imperial Age
38:35 Leather Archer Armor
42:34 Two-Man Saw
41:36 Scale Mail Armor
41:46 Forging
41:35 Stone Mining
41:16 Pikeman
42:21 Squires
42:46 Halberdier
Smitealot_aoe
7:45 Loom
10:10 Feudal Age
10:52 Double-Bit Axe
13:56 Forging
14:39 Bloodlines
19:05 Scale Barding Armor
25:46 Castle Age
24:04 Gold Mining
24:37 Horse Collar
26:24 Wheelbarrow
26:47 Husbandry
27:09 Chain Barding Armor
28:32 Iron Casting
29:39 Bow Saw
38:56 Gold Shaft Mining
38:12 Stone Mining
41:36 Hand Cart
42:17 Fletching
49:57 Imperial Age
_xy_2252
3:23 Loom
11:20 Feudal Age
12:40 Wheelbarrow
11:55 Double-Bit Axe
11:51 Horse Collar
18:23 Gold Mining
19:13 Stone Mining
23:19 Castle Age
22:17 Town Watch
23:13 Forging
24:22 Hand Cart
24:19 Bow Saw
24:11 Heavy Plow
27:17 Stone Shaft Mining
36:33 Bloodlines
38:00 Scale Barding Armor
38:32 Iron Casting
38:39 Husbandry
39:24 Chain Barding Armor
44:29 Imperial Age
43:18 Gold Shaft Mining
44:33 Heavy Camel Rider
46:16 Blast Furnace
Connection lost

Rejoining the realm…

Still unreachable

The connection could not be restored.

Session expired

The server has moved on; the page needs a fresh start.